Map: Winter Madness LE

Players

Painleve

  • Race: Zerg Zerg
  • League: Diamond
  • Spawn Location: 5:00

HoldTheDoor - Winner!

  • Race: Protoss Protoss
  • League: Diamond
  • Spawn Location: 11:00

VOD

Have the link to the VOD?

Description

Time

  • Played on: May 3, 2026, 11 a.m.
  • Length: 9:23
Show
View Real Time Build Order
Export as new Build Order

Painleve Zerg 

Build Orders: Hatch First 

Get SALT Encoding   

  12  0:03  Drone  
  13  0:12  Overlord  
  13  0:17  Drone  
  14  0:31  Drone  
  14  0:32  Drone  
  16  0:48  Hatchery  
  15  0:52  Drone  
  15  0:56  Drone  
  17  0:58  Drone  
  18  1:13  Extractor  
  18  1:15  Spawning Pool  
  18  1:16  Drone  
  17  1:22  Drone  
  18  1:30  Drone  
  19  1:40  Drone  
  20  1:50  Overlord  
  20  2:01  Queen x2  
  20  2:03  Zergling x4  
  26  2:14  Drone x2  
  28  2:18  Metabolic Boost  
  28  2:24  Drone  
  28  2:25  Drone  
  30  2:38  Hatchery  
  30  2:44  Drone  
  30  2:47  Drone  
  30  2:49  Drone  
  32  2:52  Queen  
  32  2:58  Overlord  
  34  3:03  Drone  
  34  3:04  Drone  
  36  3:17  Roach Warren  
  35  3:25  Drone x2  
  35  3:26  Drone x4  
  41  3:29  Overlord  
  41  3:37  Lair  
  41  3:39  Drone  
  41  3:40  Drone  
  43  3:49  Zergling x4  
  43  3:52  Queen  
  43  3:54  Overlord  
  47  4:03  Drone x2  
  47  4:06  Spore Crawler  
  47  4:08  Spore Crawler  
  47  4:19  Extractor x2, Overlord x2  
  45  4:26  Queen  
  47  4:33  Spore Crawler  
  47  4:35  Overlord x2  
  47  4:37  Roach x4  
  54  4:40  Overseer  
  54  4:45  Drone  
  54  4:46  Drone  
  54  4:48  Drone x3  
  54  4:50  Drone  
  58  5:15  Drone  
  58  5:16  Drone x3  
  62  5:22  Drone x2  
  62  5:24  Drone x5  
  62  5:25  Overlord  
  69  5:29  Hydralisk Den  
  69  5:30  Glial Reconstitution  
  68  5:38  Pneumatized Carapace  
  68  5:39  Drone x2  
  68  5:40  Drone  
  68  5:41  Spore Crawler  
  70  5:51  Drone x2  
  70  5:52  Overlord x2  
  70  5:56  Drone x2  
  74  6:03  Roach  
  82  6:04  Roach x7  
  90  6:17  Zergling x4  
  90  6:18  Zergling x4, Ravager x2  
  94  6:19  Ravager x2  
  94  6:24  Zergling x10  
  103  6:38  Zergling x4  
  103  6:39  Zergling x10  
  110  6:45  Overlord x2  
  110  6:47  Overseer  
  110  6:55  Roach x2  
  114  7:05  Roach x5  
  114  7:06  Roach x3  
  130  7:08  Hatchery  
  129  7:18  Zergling x2  
  129  7:22  Overlord x3  
  130  7:29  Hatchery  
  129  7:35  Evolution Chamber  
  128  7:37  Evolution Chamber  
  128  7:40  Roach x5  
  128  7:41  Roach x8  
  101  8:07  Zergling x2  
  101  8:08  Zergling x20  
  101  8:09  Zergling x2  
  103  8:18  Baneling Nest  
  103  8:19  Ravager x3  
  105  8:21  Zergling x8  
  105  8:23  Queen  
  111  8:27  Zergling x2  
  111  8:28  Zergling x8  
  116  8:39  Zergling x6  
  116  8:40  Zergling x2  
  113  8:46  Zergling x8  
  117  8:56  Hydralisk x6  
  112  9:15  Hatchery  
Show
View Real Time Build Order
Export as new Build Order

HoldTheDoor Protoss - Winner!

Build Orders: 1 Gate Expand, Archon Immortal, Dark Templar Rush 

Get SALT Encoding   

  12  0:00  Probe  
  13  0:12  Probe  
  14  0:21  Pylon  
  14  0:24  Probe  
  15  0:35  Probe  
  16  0:43  Probe, Gateway  
  17  0:51  Assimilator  
  17  0:54  Probe  
  18  1:06  Probe  
  19  1:25  Nexus  
  19  1:31  Cybernetics Core  
  19  1:35  Probe  
  20  1:41  Assimilator  
  20  1:48  Probe  
  20  1:51  Pylon  
  21  1:58  Stalker  
  21  2:00  Probe, Warp Gate  
  22  2:15  Probe  
  25  2:26  Adept  
  25  2:29  Probe  
  28  2:31  Gateway  
  28  2:41  Probe  
  28  2:42  Twilight Council  
  28  2:43  Probe  
  30  2:53  Probe  
  30  2:56  Robotics Facility  
  31  3:03  Probe  
  32  3:06  Probe  
  33  3:13  Assimilator  
  33  3:15  Probe  
  33  3:19  Probe  
  35  3:27  Probe  
  35  3:28  Dark Shrine  
  35  3:30  Pylon  
  35  3:32  Pylon  
  36  3:35  Pylon  
  36  3:36  Warp Prism  
  36  3:37  Probe  
  39  4:00  Gateway  
  39  4:01  Stalker  
  41  4:05  Stalker  
  43  4:11  Probe x2  
  45  4:23  Probe x2  
  47  4:35  Probe  
  48  4:42  Dark Templar  
  48  4:43  Dark Templar  
  52  4:57  Gateway  
  52  5:00  Dark Templar  
  50  5:18  Probe  
  50  5:19  Nexus, Immortal  
  50  5:20  Pylon  
  55  5:22  Charge  
  55  5:31  Forge  
  55  5:34  Pylon  
  55  5:37  Probe x2, Gateway  
  55  5:40  Gateway  
  57  5:43  Dark Templar  
  57  5:45  Protoss Ground Weapons Level 1  
  57  5:48  Archon  
  59  5:50  Zealot x2  
  59  5:51  Probe x2  
  65  6:03  Immortal, Probe  
  70  6:09  Probe  
  71  6:19  Gateway x2  
  71  6:23  Probe x2  
  73  6:31  Probe  
  74  6:34  Dark Templar  
  74  6:35  Dark Templar x2, Probe  
  81  6:40  Dark Templar  
  81  6:42  Archon  
  81  6:44  Archon  
  81  6:46  Zealot x2  
  87  6:47  Probe  
  87  6:48  Probe  
  87  6:49  Probe  
  87  6:52  Pylon  
  90  7:00  Probe, Immortal  
  95  7:04  Probe  
  95  7:06  Probe  
  97  7:16  Zealot  
  97  7:17  Zealot x4  
  97  7:18  Zealot  
  109  7:23  Pylon  
  109  7:30  Pylon  
  109  7:33  Pylon  
  109  7:37  Pylon  
  109  7:43  Observer  
  110  7:48  Pylon  
  110  7:50  Pylon  
  94  8:00  Zealot x8  
  94  8:01  Immortal  
  106  8:20  Zealot  
  106  8:21  Zealot x7  
  120  8:49  Dark Templar x2  
  120  8:50  Dark Templar x4  
  120  8:53  Archon  
  120  8:54  Archon x2  
  132  8:56  Zealot x2  
  134  9:16  Zealot x2  
Tags
 
Add a new tag
Caveats
  • Supply blocks, unpowered buildings, or Contaminate may cause inaccurate times.
  • Supply counts are checked every 10 seconds.